 Dungeon Crawl Stone Soup version 0.27-a0-1191-g601b473118 (webtiles) character file.

Game seed: 390404960637027379

324 polve the Slasher (level 6, -3/46 HPs)
             Began as a Demonspawn Gladiator on May 23, 2021.
             Slain by Sigmund
             ... wielding a +0 scythe
              (6 damage)
             ... on level 4 of the Dungeon.
             The game lasted 00:03:43 (4829 turns).

polve the Slasher (Demonspawn Gladiator)            Turns: 4829, Time: 00:03:44

Health: -3/46      AC:  4    Str: 17    XL:     6   Next: 23%
Magic:  5/5        EV: 13    Int:  9    God:
Gold:   257        SH:  0    Dex: 20    Spells: 5/5 levels left

rFire    . . .     SeeInvis .   a - +0 long sword
rCold    . . .     Faith    .   (no shield)
rNeg     . . .     Spirit   .   b - +0 leather armour
rPois    .         Reflect  .   (helmet restricted)
rElec    .         Harm     .   (no cloak)
rCorr    .         Rampage  .   f - +0 pair of gloves
Will     .....                  (no boots)
Stlth    +.........             (no amulet)
HPRegen  0.15/turn              h - +6 ring of dexterity
MPRegen  0.09/turn              (no ring)

@: no status effects
A: horns 1, foul stench 1, condensation shield, low mp 1, screaming 1, subdued
magic 1
a: no special abilities


You were on level 4 of the Dungeon.
You visited 2 branches of the dungeon, and saw 5 of its levels.

You collected 257 gold pieces.

Inventory:

Hand Weapons
 a - a +0 long sword (weapon)
Missiles
 d - 3 throwing nets (quivered)
Armour
 b - a +0 leather armour (worn)
 f - a +0 pair of gloves (worn)
Jewellery
 h - a +6 ring of dexterity (left hand)
Scrolls
 e - 4 scrolls of enchant weapon {unknown}
 g - a scroll of identify {unknown}
 j - 2 scrolls of teleportation {unknown}
 k - a scroll of enchant armour {unknown}
Potions
 l - 3 potions of magic


   Skills:
 + Level 2.8 Fighting
 - Level 6.1 Long Blades
 - Level 1.7 Throwing
 - Level 2.6 Dodging


You had 5 spell levels left.
You didn't know any spells.
Your spell library was empty.

Dungeon Overview and Level Annotations

Branches:
Dungeon (4/15)             Temple (1/1) D:4

Altars:
Cheibriados
Elyvilon
Fedhas
Hepliaklqana
Kikubaaqudgha
Makhleb
Nemelex Xobeh
Okawaru
Qazlal
Ru
Vehumet
Wu Jian
Zin
The Shining One

Shops:
D:4 [

Annotations:
D:4 Sigmund


Innate Abilities, Weirdness & Mutations

You have a pair of small horns on your head.
You may rarely emit foul miasma when damaged in melee.
A meltable shield of frost defends you. (SH +0)
Your magical capacity is low. (-10% MP)
You occasionally shout uncontrollably at your foes.
Your spells are a little easier to cast, but a little less powerful.


Message History

Your experience leads to an increase in your attributes!
Your base attributes are Str 16, Int 9, Dex 14.
Increase (S)trength, (I)ntelligence, or (D)exterity?
You feel stronger.
Your demonic ancestry asserts itself...
Frost condenses into a shield before you.
HP restored.
Things that are here:
a +0 hand axe; a +0 robe; the orc corpse of Blork the orc You now have 257 gold pieces (gained 10).
You enter the shallow water.
Moving in this stuff is going to be slow.
There is a stone staircase leading down here.
Sigmund shouts!
Sigmund is nearby!
It was a potion of curing.
You feel better.
Sigmund says, "Don't worry, I'll kill you fast."
You block Sigmund's attack. Sigmund gestures at you while chanting.
The magic dart hits you.
You hit Sigmund but do no damage.
Sigmund points at himself and mumbles some strange words.
Sigmund flickers and vanishes!
Deactivating autopickup; reactivate with Ctrl-A.
You barely miss something. Something hits you!
You completely miss something. You headbutt something.
You hear some strange, mumbled words.
A puff of flame appears from out of thin air!
The puff of flame misses you. Something hits you.
You miss something.
You hear some strange, mumbled words.
A puff of flame appears from out of thin air!
The puff of flame hits you!
Your condensation shield dissipates!
You barely miss something. You headbutt something. Something hits you.
You hit something. Something hits you.
You miss something. Something hits you!
* * * LOW HITPOINT WARNING * * *
You emit a cloud of foul miasma!
You miss something. Something hits you.
You die...

#≈# ##..#...#..## #..# ##≈#
##.......## ##.# #≈≈#
#######.## ##.# #≈≈#
##........# ##.## ##
#≈≈####..######.# ##..# ##.
#≈##.#...# #.###..## #..
#≈#......## ###..#..## #.#
##≈##......###......## ###.#
###...##.###.@{........###...#
#)#..##..# ##............#####
#...##..## ..........####
##.####..# #..######..#
#..###...# #.## #..########
##......>.## #. ##.........
#..####....# ## ########..
#### ###..# #.> #### ##..


There were no monsters in sight!

Vanquished Creatures
  Blork the orc (D:4)
  An orc priest (D:3)
  2 orc wizards
  3 gnolls (D:4)
  2 adders (D:3)
  An ufetubus (D:3)
  An adder skeleton (D:4)
  4 worms
  A dart slug (D:1)
  11 orcs
  3 bats
  4 endoplasms
  6 giant cockroaches
  5 goblins
  7 hobgoblins
  10 jackals
  10 kobolds
  3 quokkas (D:1)
  5 ball pythons
  4 frilled lizards
  4 rats
88 creatures vanquished.

Vanquished Creatures (others)
  A human (D:4)
  An orc wizard (D:2)
  7 withered plants (D:3)
9 creatures vanquished.

Grand Total: 97 creatures vanquished

Notes
Turn   | Place    | Note
-------+----------+-------------------------------------------
     0 | D:1      | polve the Demonspawn Gladiator began the quest for the Orb.
     0 | D:1      | Reached XP level 1. HP: 16/16 MP: 1/1
   105 | D:1      | Reached skill level 3 in Long Blades
   283 | D:1      | Gained mutation: You may rarely emit foul miasma when
                  | damaged in melee. [demonic ancestry]
   283 | D:1      | Reached XP level 2. HP: 22/22 MP: 2/2
   970 | D:1      | Reached XP level 3. HP: 21/27 MP: 3/3
  1424 | D:2      | Reached skill level 4 in Long Blades
  2192 | D:3      | Reached XP level 4. HP: 33/33 MP: 4/4
  2447 | D:3      | Reached skill level 5 in Long Blades
  2447 | D:3      | Gained mutation: You have a pair of small horns on your
                  | head. [demonic ancestry]
  2447 | D:3      | Reached XP level 5. HP: 10/38 MP: 5/5
  2449 | D:3      | Found a faded altar of an unknown god.
  3593 | D:4      | Noticed Sigmund
  3594 | D:4      | Gained mutation: Your magical capacity is low. (-10% MP)
                  | [potion of mutation]
  3594 | D:4      | Gained mutation: You occasionally shout uncontrollably at
                  | your foes. [potion of mutation]
  3594 | D:4      | Gained mutation: Your spells are a little easier to cast,
                  | but a little less powerful. [potion of mutation]
  3658 | D:4      | Found Gijoadut's Antique Armour Shoppe.
  3830 | D:4      | Found an ancient bone altar of Kikubaaqudgha.
  3830 | D:4      | Noticed a human
  3833 | D:4      | Killed a human
  3942 | D:4      | Reached skill level 6 in Long Blades
  4115 | D:4      | Found a blossoming altar of Fedhas.
  4125 | D:4      | Found a staircase to the Ecumenical Temple.
  4447 | Temple   | Entered the Ecumenical Temple
  4701 | D:4      | Noticed Blork the orc
  4717 | D:4      | Killed Blork the orc
  4718 | D:4      | Gained mutation: A meltable shield of frost defends you.
                  | (SH +0) [demonic ancestry]
  4718 | D:4      | Reached XP level 6. HP: 36/46 MP: 5/5
  4829 | D:4      | Slain by Sigmund

Illustrated notes

Levels and vault maps discovered:
D:1:      dpeg_arrival_boxes_within_box, layout_loops_cross,
          kennysheep_minor_cross
D:2:      layout_basic, basic_altar, hangedman_glass_teeth
D:3:      layout_loops_ring, ebering_ecumenical_altar_petrified,
          nrook_mini_vaults
D:4:      layout_layer_cave, tgw_kikubaaqudgha, amcnicky_altar_gilded,
          minmay_temple_entry_waves, serial_shops, shop, portal_sewer_entry_f,
          chequers_serial_rivers_large_b, uniq_blork_the_orc, uniq_sigmund
Temple:   minmay_temple_bridge_abc

Skill      XL: |  1  2  3  4  5 |
---------------+----------------+-----
Long Blades    | 3 4 5 6 |  6.1
Fighting       | |  2.8
Throwing       | |  1.7
Dodging        | |  2.6

Action                   |  1- 3 |  4- 6 || total
-------------------------+-------+-------++-------
Melee: Long sword        |   137 |   104 ||   241
       Headbutt          |       |    21 ||    21
  Use: Potion            |       |     7 ||     7
 Stab: Sleeping          |     1 |     2 ||     3
Armor: Leather armour    |    39 |    16 ||    55
Dodge: Dodged            |   132 |    63 ||   195
Block: Other             |       |     1 ||     1
       Rpst.: Long sword |    37 |    20 ||    57

Table legend: (Time is in decaauts)
 A = Elapsed time spent in this place.
 B = Non-inter-level travel time spent in this place.
 C = Inter-level travel time spent in this place.
 D = Time resting spent in this place.
 E = Time spent auto-exploring this place.
 F = Levels seen in this place.
 G = Mean time per level.
                   A        B        C        D        E       F      G
               +--------+--------+--------+--------+--------+-----+--------+
         Total |   4883 |   4750 |    133 |     35 |   4074 |   5 |  976.6 |
       Dungeon |   4659 |   4552 |    107 |     35 |   3877 |   4 | 1164.8 |
        Temple |    223 |    197 |     26 |      0 |    197 |   1 |  223.0 |
               +--------+--------+--------+--------+--------+-----+--------+

Top non-repeatable levels by time:
     D:1: 1346 daAuts
     D:3: 1322 daAuts
     D:2: 1028 daAuts
     D:4: 962 daAuts
  Temple: 223 daAuts
